 Seeded DCSS version 0.30.0-30-g96aa6591b8 (webtiles) character file.

Game seed: 6351066067085065685 (custom seed)

276 Esekla the Grave Robber (level 6, -4/33 HPs)
             Began as a Deep Elf Necromancer on June 29, 2023.
             Was an Initiate of Vehumet.
             Slain by a gnoll
             ... wielding a +0 spear
             ... led by a gnoll bouda
              (5 damage)
             ... on level 4 of the Dungeon.
             The game lasted 00:12:46 (2635 turns).

Esekla the Grave Robber (Deep Elf Necromancer)      Turns: 2635, Time: 00:12:47

Health: -4/33      AC:  4    Str:  5    XL:     6   Next: 4%
Magic:  14/14      EV: 14    Int: 22    God:    Vehumet [......]
Gold:   195        SH:  0    Dex: 18    Spells: 9/13 levels left

rFire   . . .        a - +5 rapier of the Hero {heavy, rN+ Dex+3}
rCold   . . .        (no shield)
rNeg    + . .        o - +0 robe
rPois   .            x - +0 helmet
rElec   .            (no cloak)
rCorr   .            m - +0 pair of gloves
SInv    .            (no boots)
Will    .....        (no amulet)
Stlth   +++          (no ring)
HPRegen 0.25/turn    (no ring)
MPRegen 0.14/turn

%: no passive effects
@: weakened
A: no striking features
a: Renounce Religion


You were on level 4 of the Dungeon.
You worshipped Vehumet.
Vehumet was noncommittal.
You visited 1 branch of the dungeon, and saw 4 of its levels.

You collected 195 gold pieces.

Inventory:

Hand Weapons
 a - the +5 rapier of the Hero (weapon) {heavy, rN+ Dex+3}
   (You found it on level 3 of the Dungeon)

   Dex:       It affects your dexterity (+3).
   rN:        It protects you from negative energy.
 r - a +0 spear
 s - a +1 dagger of draining
Missiles
 k - 8 poisoned darts (quivered)
Armour
 m - a +0 pair of gloves (worn)
 o - a +0 robe (worn)
 x - a +0 helmet (worn)
Wands
 p - a wand of roots (9)
Scrolls
 e - a scroll of fear {unknown}
 f - 4 scrolls of identify {unknown}
 g - a scroll of blinking {unknown}
 i - a scroll of fog {unknown}
 n - a scroll of immolation {unknown}
 t - a scroll of enchant armour {unknown}
 u - a scroll of amnesia {unknown}
 v - 2 scrolls of enchant weapon {unknown}
 y - a scroll of summoning {unknown}
Potions
 b - a potion of magic
 c - 2 potions of attraction {unknown}
 d - a potion of ambrosia {unknown}
 h - a potion of heal wounds {unknown}
 j - 2 potions of brilliance {unknown}
 l - 2 potions of curing {unknown}
 q - a potion of haste {unknown}
 w - a potion of mutation {unknown}


   Skills:
 + Level 0.5 Fighting
 + Level 2.2 Short Blades
 * Level 4.0 Dodging
 + Level 4.2 Stealth
 * Level 4.2 Spellcasting
 + Level 6.0 Necromancy


You had 9 spell levels left.
You knew the following spells:

 Your Spells              Type           Power      Damage    Failure   Level
a - Necrotise             Necr           100%       1d9       1%          1
d - Vampiric Draining     Necr           31%        2d8       2%          3

Your spell library contained the following spells:

 Spells                   Type           Power      Damage    Failure   Level
 Animate Dead             Necr           31%        N/A       9%          4
 Lesser Beckoning         Tloc           8%         N/A       17%         2
 Agony                    Necr           31%        N/A       26%         5
 Gell's Gravitas          Tloc           4%         N/A       32%         3
 Teleport Other           Tloc           4%         N/A       32%         3


Dungeon Overview and Level Annotations

Branches:
Dungeon (4/15)
 Temple: D:4-7

Altars:
Hepliaklqana
Qazlal
Trog
Vehumet

Shops:
D:2 =   D:4 (


Message History

The gnoll shouts!
You puncture the orc!
You kill the orc!
Vehumet accepts your kill.
A gnoll comes into view. It is wielding a +0 halberd.
A gnoll comes into view. It is wielding a +0 spear.
A gnoll comes into view. It is wielding a +0 club.
The gnoll closely misses you. The gnoll barely misses you.
The gnoll shouts!
The gnoll is no longer moving quickly.
The gnoll bouda gazes fiercely through you!
You feel your attacks grow feeble.
The gnoll throws a throwing net.
The throwing net hits you.
You become entangled in the net!
You see here a throwing net.
You tear a large gash into the net.
The gnoll is no longer moving quickly. x2
The gnoll hits you but does no damage.
The gnoll bouda barks out a call to the hunt!
The gnolls pick up the pace!
You struggle against the net.
The gnoll is no longer moving quickly.
The gnoll hits you from afar with a +0 halberd!
The gnoll closely misses you.
You shred the net and break free! The gnoll closely misses you.
The gnoll hits you from afar with a +0 halberd!
The gnoll attacks as you move away! The gnoll hits you with a +0 whip!
* * * LOW HITPOINT WARNING * * *
Your attacks no longer feel as feeble.
The gnoll bouda barks out a call to the hunt!
The gnoll picks up the pace!
The gnoll hits you from afar with a +0 spear.
* * * LOW HITPOINT WARNING * * *
The gnoll shouts!
There is an escape hatch in the ceiling here.
The gnoll barely misses you. The gnoll hits you with a +0 whip.
* * * LOW HITPOINT WARNING * * *
The gnoll bouda gazes fiercely through you!
You feel your attacks grow feeble.
The gnoll hits you from afar with a +0 spear.
You die...

#^.......... +..#... ##..........
...# #..#####...#... ....))......
..###..........#... ............
#.##...............
..........#####.##..........##...
.............##.............##...
....g####....##..................
.......#......g..................
....†..#>....ggg@................
....†.......g.g..................
.................................
.....)............##.............
..................##.......##+###
.......##.........##.......##....
#......##.......[.###############
###################


You could see a gnoll bouda and 5 gnolls.

Vanquished Creatures
  A black bear (D:2)
  A hound (D:3)
  An iguana (D:2)
  3 gnolls (D:2)
  4 adders
  A worm (D:4)
  2 dart slugs
  6 orcs
  6 ball pythons
  4 bats
  4 endoplasms
  8 goblins
  5 hobgoblins
  A quokka (D:1)
  4 frilled lizards
  5 kobolds
  A rat (D:2)
57 creatures vanquished.

Notes
Turn   | Place    | Note
-------+----------+-------------------------------------------
     0 | D:1      | Esekla the Deep Elf Necromancer began the quest for the
                  | Orb.
     0 | D:1      | Reached XP level 1. HP: 10/10 MP: 6/6
   118 | D:1      | Reached skill level 5 in Necromancy
   240 | D:1      | Reached XP level 2. HP: 4/13 MP: 8/8
   665 | D:2      | Noticed a black bear
   689 | D:2      | Found a faded altar of an unknown god.
   738 | D:2      | Reached XP level 3. HP: 16/19 MP: 9/9
   742 | D:2      | Learned a level 3 spell: Vampiric Draining
   768 | D:2      | Reached skill level 1 in Short Blades
   977 | D:4      | Found a radiant altar of Vehumet.
   981 | D:4      | Became a worshipper of Vehumet
  1194 | D:3      | Identified the +5 rapier of the Hero {heavy, rN+ Dex+3}
  1205 | D:2      | Reached XP level 4. HP: 24/24 MP: 11/11
  1271 | D:2      | Found Renulab's Jewellery Shop.
  1488 | D:2      | Killed a black bear
  1489 | D:2      | Reached XP level 5. HP: 26/28 MP: 2/12
  2013 | D:3      | Found a stormy altar of Qazlal.
  2021 | D:3      | Found a bloodstained altar of Trog.
  2028 | D:3      | Reached skill level 6 in Necromancy
  2031 | D:3      | Found a hazy altar of Hepliaklqana.
  2363 | D:4      | Found Ponaysk's Antique Weapon Boutique.
  2539 | D:4      | Reached XP level 6. HP: 26/33 MP: 14/14
  2635 | D:4      | HP: 1/33 [gnoll/+0 whip[a gnoll bouda] (4)]
  2635 | D:4      | Slain by a gnoll

Illustrated notes

Levels and vault maps discovered:
D:1:      sevenhm_arrival_forest_fort_small_3, layout_rooms,
          chequers_serial_rivers_room_b, minmay_misc_feat_five
D:2:      layout_loops_ring, dreamdust_ecumenical_altar_angels_and_demons,
          serial_shops, shop
D:3:      layout_basic, grunt_temple_overflow_open, minmay_misc_feat_iff
D:4:      layout_basic, nicolae_overflow_quartered_altars, serial_shops,
          nicolae_diamond_shop

Skill      XL: |  1  2  3  4  5 |
---------------+----------------+-----
Necromancy     | 5 6 |  6.0
Stealth        | 3 4 |  4.2
Short Blades   | 1 2 |  2.2
Dodging        | 3 4 |  4.0
Spellcasting   | 4 |  4.2
Fighting       | |  0.5

Action                     |  1- 3 |  4- 6 || total
---------------------------+-------+-------++-------
  Melee: Short sword       |    18 |       ||    18
         Unarmed           |     9 |       ||     9
         Dagger            |    52 |       ||    52
         Rapier            |     1 |    40 ||    41
         Punch             |     1 |       ||     1
  Throw: Dart              |     1 |     2 ||     3
   Cast: Vampiric Draining |     3 |     6 ||     9
   Stab: Sleeping          |     3 |     5 ||     8
 Armour: Robe              |    13 |    12 ||    25
  Dodge: Dodged            |    36 |    36 ||    72
